 Dungeon Crawl Stone Soup version 0.22-a0-252-gcace5d2 (webtiles) character file.

275 KristoblXynda the Chopper (level 6, 0/48 HPs)
             Began as a Draconian Gladiator on Mar 1, 2018.
             Slain by wazuzu's ghost (11 damage)
             ... on level 4 of the Dungeon.
             The game lasted 00:04:01 (3576 turns).

KristoblXynda the Chopper (Draconian Gladiator)     Turns: 3576, Time: 00:04:02

Health: 0/48       AC:  8    Str: 22    XL:     6   Next: 3%
Magic:  6/6        EV: 14    Int: 10    God:
Gold:   238        SH:  0    Dex: 12    Spells: 5/5 levels left

rFire    . . .     SeeInvis .   a - +1 war axe
rCold    . . .     Gourm    .   (no shield)
rNeg     . . .     Faith    .   (armour unavailable)
rPois    .         Spirit   .   o - +2 hat
rElec    .         Reflect  .   (no cloak)
rCorr    .         Harm     .   (no gloves)
MR       .....                  (no boots)
Stlth    +.........             (no amulet)
HPRegen  0.16/turn              p - ring of wizardry
MPRegen  0.10/turn              (no ring)

@: mighty
A: unfitting armour, cold-blooded, AC +6
a: no special abilities


You were on level 4 of the Dungeon.
You were not hungry.

You visited 1 branch of the dungeon, and saw 4 of its levels.

You collected 238 gold pieces.

Inventory:

Hand Weapons
 a - a +1 war axe (weapon)
Missiles
 c - 3 throwing nets (quivered)
Armour
 o - a +2 hat (worn)
Jewellery
 p - a ring of wizardry (left hand)
Wands
 m - a wand of clouds (4)
Scrolls
 g - 2 scrolls of enchant weapon
 n - 3 scrolls of remove curse
Potions
 b - 2 potions of resistance {unknown}
 e - a potion of ambrosia
 f - a potion of lignification {unknown}
 h - a potion of invisibility
 i - 2 potions of curing
 j - 2 potions of agility {unknown}
 k - 2 potions of heal wounds {unknown}
Comestibles
 d - 5 rations


   Skills:
 - Level 2.1 Fighting
 * Level 5.6 Axes
 - Level 2.1 Throwing
 + Level 4.1 Dodging


You had 5 spell levels left.
You didn't know any spells.

Dungeon Overview and Level Annotations

Branches:
Dungeon (4/15)
 Temple: D:4-7

Altars:

Annotations:
D:3 2 transporters
D:4 wazuzu's ghost, novice DsGl


Innate Abilities, Weirdness & Mutations

Your plain brown scales are hard. (AC +6)
You cannot fit into any form of body armour.
You are cold-blooded and may be slowed by cold attacks.


Message History

Wazuzu's ghost is heavily damaged.
Wazuzu's ghost hits you!
Wazuzu's ghost shouts, "Very impressive.
But it won't help.
Nothing will."
Wazuzu's ghost hits you.
* * * LOW HITPOINT WARNING * * *
You hit wazuzu's ghost.
Wazuzu's ghost is severely damaged.
Wazuzu's ghost hits you!
* * * LOW HITPOINT WARNING * * *
It was a potion of curing.
You feel better. Wazuzu's ghost hits you.
* * * LOW HITPOINT WARNING * * *
You feel better. Wazuzu's ghost hits you!
* * * LOW HITPOINT WARNING * * *
You feel better. Wazuzu's ghost hits you!
* * * LOW HITPOINT WARNING * * *
Unknown command.
You slash wazuzu's ghost! You tail-slap wazuzu's ghost.
Wazuzu's ghost is almost destroyed.
Wazuzu's ghost hits you!
You die...

#.# #.# ####
#.# #.# #.# #.#
#.# ##'#####
##.#####......#
#......'......#
########......#
#.W....#
##.@....#
#.......#
#....####
#...[# #....#
#....# #....#
#)...# #....#


You could see wazuzu's ghost.

Vanquished Creatures
  Menkaure (D:4)
  Jessica (D:3)
  4 adders
  An ooze (D:3)
  4 worms (D:2)
  3 dart slugs
  4 leopard geckos
  5 orcs (D:4)
  6 bats
  2 giant cockroaches
  5 hobgoblins
  4 jackals (D:1)
  3 kobolds
  A quokka (D:3)
  4 frilled lizards
  8 goblins
  10 rats
66 creatures vanquished.

Notes
Turn   | Place    | Note
-------+----------+-------------------------------------------
     0 | D:1      | KristoblXynda the Draconian Gladiator began the quest for the Orb.
     0 | D:1      | Reached XP level 1. HP: 17/17 MP: 1/1
   131 | D:1      | Reached XP level 2. HP: 24/24 MP: 2/2
   595 | D:1      | Reached XP level 3. HP: 26/29 MP: 3/3
   882 | D:2      | Reached skill level 4 in Axes
  1372 | D:2      | Reached XP level 4. HP: 17/36 MP: 4/4
  2238 | D:3      | Found a faded altar of an unknown god.
  2259 | D:3      | Noticed Jessica
  2262 | D:3      | Killed Jessica
  2353 | D:3      | Found a transporter.
  2440 | D:3      | Found a transporter.
  2936 | D:4      | Noticed Menkaure
  2973 | D:4      | Killed Menkaure
  2973 | D:4      | Reached skill level 5 in Axes
  2973 | D:4      | Reached XP level 5. HP: 22/41 MP: 5/5
  3197 | D:4      | Reached XP level 6. HP: 38/48 MP: 6/6
  3561 | D:4      | Noticed wazuzu's ghost (novice DsGl)
  3576 | D:4      | Slain by wazuzu's ghost

Vault maps used:
D:1:      erik_arrival_triangle_large
D:2:      minmay_rat_gold_closets
D:3:      gammafunk_steamed_eel, chequers_ecumenical_altar_island,
          minmay_item_behind_shaft, minmay_misc_feat_alley, uniq_jessica
D:4:      lemuel_doored_altar, first_ration, uniq_natasha, uniq_menkaure

Skill      XL: |  1  2  3  4 |
---------------+-------------+-----
Throwing       | 2 |  2.1
Dodging        | 3 4 |  4.1
Axes           | 4 5 |  5.6
Fighting       | |  2.1

Action                   |  1- 3 |  4- 6 || total
-------------------------+-------+-------++-------
Melee: War axe           |    99 |    58 ||   157
       Tailslap          |    15 |     7 ||    22
  Use: Scroll            |       |     8 ||     8
       Potion            |       |     4 ||     4
 Stab: Sleeping          |     1 |     2 ||     3
  Eat: Chunk             |     2 |     4 ||     6
       Ration            |       |     1 ||     1
Armor: Skin              |    28 |    16 ||    44
Dodge: Dodged            |    85 |    48 ||   133

Table legend:
 A = Spawn XP
 B = Non-spawn XP
 C = Spawn XP percentage of total XP
 D = Spawn monster count
 E = Non-spawn monster count
 F = Spawn count percentage of total count
 G = Total turns spent on level
                    A         B        C        D         E        F      G
               +---------+---------+-------+---------+---------+-------+---------
         Total |       0 |     394 |   0.0 |       0 |      66 |   0.0 |  3576
               +---------+---------+-------+---------+---------+-------+---------
           D:1 |       0 |      43 |   0.0 |       0 |      21 |   0.0 |   731
           D:2 |       0 |      81 |   0.0 |       0 |      27 |   0.0 |  1406
           D:3 |       0 |      56 |   0.0 |       0 |       9 |   0.0 |   829
           D:4 |       0 |     214 |   0.0 |       0 |       9 |   0.0 |   610
               +---------+---------+-------+---------+---------+-------+---------
